 Dungeon Crawl Stone Soup version 0.19.0-2-gae57169 (webtiles) character file.

83 Patchouli the Skirmisher (level 4, -2/37 HPs)
             Began as a Human Wanderer on Nov 7, 2016.
             Was an Initiate of Okawaru.
             Slain by a scorpion (7 damage)
             ... on level 4 of the Dungeon.
             The game lasted 00:04:58 (566 turns).

Patchouli the Skirmisher (Human Wanderer)            Turns: 566, Time: 00:04:58

Health: -2/37      AC:  9    Str: 14    XL:     4   Next: 71%
Magic:  4/4        EV:  9    Int: 18    God:    Okawaru [......]
Gold:   48         SH:  0    Dex: 11    Spells: 0 memorised, 3 levels left

rFire  . . .     SeeInvis .     b - +0 falchion
rCold  . . .     Gourm    .     a - +2 scale mail
rNeg   + . .     Faith    .     (no shield)
rPois  .         Spirit   .     (no helmet)
rElec  .         Reflect  .     (no cloak)
rCorr  .         Harm     .     (no gloves)
MR     .....                    e - +0 pair of boots
Stlth  ..........               (no amulet)
                                (no ring)
                                m - ring of positive energy

@: brilliant, lethally poisoned (-2 -> -10), flying
A: no striking features
a: Renounce Religion


You were on level 4 of the Dungeon.
You worshipped Okawaru.
Okawaru was noncommittal.
You were not hungry.

You visited 1 branch of the dungeon, and saw 4 of its levels.

You collected 48 gold pieces.

Inventory:

Hand Weapons
 b - a +0 falchion (weapon)
 d - a +0 dagger
Armour
 a - a +2 scale mail (worn)
 e - a +0 pair of boots (worn)
Jewellery
 m - a ring of positive energy (left hand)
Scrolls
 c - a scroll of identify {unknown}
 h - a scroll of remove curse {unknown}
 i - a scroll of magic mapping {unknown}
 j - a scroll of enchant weapon {unknown}
 l - a scroll of teleportation {unknown}
 n - a scroll of blinking {unknown}
Comestibles
 f - 2 bread rations
 g - 4 chunks of flesh


   Skills:
 + Level 4.3 Fighting
 * Level 2.3 Long Blades
   Level 1.0 Bows
 + Level 2.0 Armour
 + Level 2.0 Dodging
 - Level 2.0 Stealth
 - Level 1.0 Unarmed Combat


You had 3 spell levels left.
You didn't know any spells.

Dungeon Overview and Level Annotations

Branches:
Dungeon (4/15)
 Temple: D:4-7

Altars:
Gozag
Okawaru

Annotations:
D:2 Terence


Message History

You feel sick.
The scorpion stings you but does no damage.
Your scale mail prevents you from hitting the scorpion.
The scorpion is severely wounded.
* * * LOW HITPOINT WARNING * * *
You feel sick.
The scorpion stings you but does no damage.
You hit the scorpion.
The scorpion is severely wounded.
* * * LOW HITPOINT WARNING * * *
You feel sick.
The scorpion stings you but does no damage.
The scorpion closely misses you.
You riposte.
You hit the scorpion but do no damage.
The scorpion is severely wounded.
You hit the scorpion but do no damage.
The scorpion is severely wounded.
* * * LOW HITPOINT WARNING * * *
You feel sick. The scorpion stings you!
You die...

## #.# ### .#### #####.#
_8# ..... #.....# .$#
..### #.##### $. ..# #.#
##.## ..# #.# #.$.# ..#
#.# #...# ..# #
#.#####.$.# ##
..######.#.#...#@..##...
................s$......
........................
#...<......#.....$..#...
############...#...##...
......### #...#..## ..
........# #..?#.##
.<......# #..........
........# #..........


You could see a scorpion.

Vanquished Creatures
  A hound (D:4)
  4 adders
  A dart slug (D:1)
  3 leopard geckos
  A hobgoblin (D:3)
  A kobold (D:1)
  A quokka (D:3)
  A ball python (D:1)
  A frilled lizard (D:1)
  A rat (D:1)
15 creatures vanquished.

Vanquished Creatures (others)
  A bat (D:1)
1 creature vanquished.

Grand Total: 16 creatures vanquished

Notes
Turn   | Place    | Note
-------+----------+-------------------------------------------
     0 | D:1      | Patchouli the Human Wanderer began the quest for the Orb.
     0 | D:1      | Patchouli set off with: a +2 scale mail, a +0 falchion, a potion of lignification, a +0 dagger, a bread ration
     0 | D:1      | Reached XP level 1. HP: 19/19 MP: 1/1
    37 | D:2      | Noticed Terence
    47 | D:1      | Reached XP level 2. HP: 19/25 MP: 2/2
    73 | D:1      | Reached skill level 1 in Long Blades
   258 | D:3      | Reached XP level 3. HP: 29/30 MP: 3/3
   287 | D:4      | Found an iron altar of Okawaru.
   306 | D:4      | Became a worshipper of Warmaster Okawaru
   429 | D:4      | Reached XP level 4. HP: 27/37 MP: 4/4
   547 | D:4      | Found an opulent altar of Gozag.
   566 | D:4      | Slain by a scorpion

Skill      XL: |  1  2  3  4 |
---------------+-------------+-----
Long Blades    | 1 2 |  2.3
Armour         | 2 |  2.0
Dodging        | 2 |  2.0
Fighting       | |  4.3
Bows           | |  1.0
Stealth        | |  2.0
Unarmed Combat | |  1.0

Action                   |  1- 3 |  4- 6 || total
-------------------------+-------+-------++-------
Melee: Falchion          |    70 |    22 ||    92
  Use: Potion            |     1 |     3 ||     4
Armor: Scale mail        |    50 |     6 ||    56
       Skin              |    15 |    13 ||    28
Dodge: Dodged            |    26 |     7 ||    33
       Rpst.: Falchion   |     9 |     4 ||    13
